[ AOE2 MATCH · #483786642 ]
Team RMVietnamese vs Persians
[ REPLAY ANALYSIS · EXTRACTED FROM THE RECORDED GAME ]
Feudal
—
Castle
—
Imperial
—
| APM avg | 17.1 |
| APM peak | 37 |
| eAPM avg | 12.6 |
| Villagers / military | 195 / 1294 |
Focus
⚔️ 44.2% · 🌾 55.8%
Spearman ×579 · Battle Elephant ×314 · Skirmisher ×191 · Fire Lancer ×129 · Trade Cart ×56 · Bombard Cannon ×42
Feudal
—
Castle
—
Imperial
—
| APM avg | 19.6 |
| APM peak | 62 |
| eAPM avg | 15.8 |
| Villagers / military | 136 / 1657 |
Focus
⚔️ 47.8% · 🌾 52.2%
Spearman ×1301 · Organ Gun ×302 · Bombard Cannon ×50 · Trade Cart ×21 · Monk ×4
Feudal
—
Castle
—
Imperial
—
| APM avg | 14.4 |
| APM peak | 97 |
| eAPM avg | 12.7 |
| Villagers / military | 130 / 1040 |
Focus
⚔️ 48.0% · 🌾 52.0%
Spearman ×341 · Skirmisher ×289 · Cataphract ×196 · Knight ×147 · Trade Cart ×52 · Archer ×24
Feudal
—
Castle
—
Imperial
—
| APM avg | 17.2 |
| APM peak | 76 |
| eAPM avg | 15.1 |
| Villagers / military | 167 / 785 |
Focus
⚔️ 66.8% · 🌾 33.2%
Skirmisher ×355 · Serjeant ×317 · Scout Cavalry ×73 · Knight ×23 · Trebuchet (Packed) ×12 · Militia ×3
Feudal
—
Castle
—
Imperial
—
| APM avg | 20.5 |
| APM peak | 173 |
| eAPM avg | 18.7 |
| Villagers / military | 134 / 398 |
Focus
⚔️ 12.7% · 🌾 87.3%
Scorpion ×260 · Shotel Warrior ×120 · Trade Cart ×32 · Bombard Cannon ×16 · Trebuchet (Packed) ×2
Feudal
—
Castle
—
Imperial
—
| APM avg | 19.2 |
| APM peak | 77 |
| eAPM avg | 16.0 |
| Villagers / military | 191 / 860 |
Focus
⚔️ 41.1% · 🌾 58.9%
Spearman ×629 · Mangonel ×148 · Trade Cart ×69 · Woad Raider ×50 · Battering Ram ×32 · Monk ×1
Feudal
—
Castle
—
Imperial
—
| APM avg | 5.6 |
| APM peak | 53 |
| eAPM avg | 3.4 |
| Villagers / military | 53 / 0 |
Focus
⚔️ 13.8% · 🌾 86.2%
Feudal
—
Castle
—
Imperial
—
| APM avg | 9.5 |
| APM peak | 37 |
| eAPM avg | 5.8 |
| Villagers / military | 88 / 547 |
Focus
⚔️ 56.3% · 🌾 43.7%
Archer ×381 · War Elephant ×67 · Spearman ×60 · Knight ×32 · Skirmisher ×4 · Monk ×2
Match map
Initial resources + every placement click. Lines = walls · curves = elevation contours. ◆ gold · ⬟ stone · ● berries · ✦ relic · ◌ wall gap
Your base· ✓ Closed at 20:04 · 0t walls · no gate
alejandrorebolledo's base· ✓ Closed at 20:03 · 46t walls · 1 gate(s)
SkilzDatKilz845's base· Open — opponent sealed themselves in
ErvilhaDaBoa 0.o !'s base· ✓ Closed at 23:40 · 64t walls · no gate
NC Buss's base· ✓ Closed at 20:38 · 38t walls · 2 gate(s)
Jaereg's base· Open — opponent sealed themselves in
Cosmatas Maker's base· ✓ Closed at 24:56 · 54t walls · 1 gate(s)
WendreyT9913's base· Open — opponent sealed themselves in
Smoothed initial terrain · ◌ = detected wall gap · hover for details
Inputs per minute
— santiagocasabsalado - - alejandrorebolledo
Build order — santiagocasabsalado
First 150 of 680 actions detected
| 0:20 | Build | House |
| 0:21 | Build | House |
| 0:23 | Build | House |
| 0:23 | Build | House |
| 0:33 | Create | Villager (Male) ×4 |
| 0:33 | Create | Villager (Male) ×4 |
| 2:13 | Create | Villager (Male) |
| 2:13 | Create | Villager (Male) |
| 2:13 | Create | Villager (Male) |
| 2:45 | Create | Villager (Male) |
| 2:45 | Create | Villager (Male) |
| 3:19 | Create | Villager (Male) |
| 3:19 | Create | Villager (Male) |
| 3:39 | Create | Villager (Male) |
| 3:39 | Create | Villager (Male) |
| 4:14 | Create | Villager (Male) |
| 4:14 | Create | Villager (Male) |
| 4:47 | Create | Villager (Male) |
| 4:47 | Create | Villager (Male) |
| 5:30 | Create | Villager (Male) |
| 5:44 | Build | Mill |
| 5:51 | Create | Villager (Male) ×3 |
| 5:52 | Create | Villager (Male) ×3 |
| 6:26 | Create | Villager (Male) |
| 6:27 | Create | Villager (Male) |
| 6:27 | Create | Villager (Male) |
| 6:48 | Create | Villager (Male) ×2 |
| 6:48 | Create | Villager (Male) ×2 |
| 8:03 | Create | Villager (Male) |
| 8:05 | Create | Villager (Male) |
| 8:26 | Build | Lumber Camp |
| 8:33 | Create | Villager (Male) |
| 8:34 | Create | Villager (Male) |
| 9:26 | Research | Feudal Age |
| 10:10 | Build | Mining Camp |
| 11:40 | Research | Wheelbarrow |
| 11:41 | Create | Villager (Male) |
| 11:42 | Create | Villager (Male) |
| 11:42 | Create | Villager (Male) |
| 11:42 | Create | Villager (Male) |
| 11:43 | Create | Villager (Male) |
| 11:52 | Build | House |
| 11:53 | Build | House |
| 11:55 | Build | House |
| 11:57 | Build | House |
| 12:00 | Build | House |
| 12:01 | Build | House |
| 12:02 | Build | House |
| 12:03 | Build | House |
| 12:28 | Build | Farm |
| 12:29 | Build | Farm |
| 12:30 | Build | Farm |
| 12:31 | Build | Farm |
| 12:32 | Build | Farm |
| 12:39 | Build | Farm |
| 12:54 | Build | Farm |
| 12:55 | Build | Farm |
| 12:56 | Build | Farm |
| 12:57 | Build | Farm |
| 13:00 | Build | Farm |
| 13:03 | Create | Villager (Male) |
| 13:04 | Create | Villager (Male) |
| 13:23 | Research | Double-Bit Axe |
| 13:35 | Create | Villager (Male) |
| 14:18 | Create | Villager (Male) |
| 14:49 | Build | Market |
| 15:06 | Build | Blacksmith |
| 15:13 | Create | Villager (Male) |
| 15:18 | Research | Horse Collar |
| 15:22 | Create | Villager (Male) |
| 15:44 | Create | Villager (Male) |
| 15:55 | Build | Farm |
| 16:33 | Build | Farm |
| 16:34 | Build | Farm |
| 16:38 | Build | Farm |
| 16:40 | Build | Farm |
| 16:41 | Build | Farm |
| 16:53 | Build | Farm |
| 17:08 | Build | Lumber Camp |
| 17:19 | Build | Farm |
| 17:24 | Create | Villager (Male) |
| 17:24 | Create | Villager (Male) |
| 17:24 | Create | Villager (Male) |
| 17:25 | Create | Villager (Male) |
| 18:14 | Create | Trade Cart |
| 18:20 | Build | Farm |
| 18:21 | Build | Farm |
| 18:48 | Build | Farm |
| 18:53 | Create | Villager (Male) |
| 18:54 | Create | Villager (Male) |
| 19:13 | Build | Farm |
| 19:26 | Create | Trade Cart |
| 19:36 | Build | Farm |
| 20:04 | Research | Castle Age |
| 20:10 | Build | Farm |
| 20:18 | Research | Padded Archer Armor |
| 20:22 | Research | Gold Mining |
| 20:33 | Create | Trade Cart |
| 20:40 | Research | Stone Mining |
| 20:55 | Research | Fletching |
| 21:44 | Build | Stone Wall |
| 21:47 | Build | Gate |
| 21:49 | Build | Gate |
| 21:58 | Create | Trade Cart |
| 21:58 | Create | Trade Cart |
| 22:10 | Research | Scale Barding Armor |
| 22:49 | Build | Town Center |
| 22:57 | Build | Town Center |
| 23:14 | Build | Farm |
| 23:17 | Research | Hand Cart |
| 23:18 | Create | Villager (Male) |
| 23:19 | Create | Villager (Male) |
| 23:19 | Create | Villager (Male) |
| 23:20 | Create | Villager (Male) |
| 23:22 | Create | Villager (Male) |
| 23:28 | Research | Bow Saw |
| 23:34 | Research | Heavy Plow |
| 23:40 | Create | Villager (Male) |
| 23:41 | Create | Villager (Male) |
| 23:41 | Create | Villager (Male) |
| 24:00 | Build | House |
| 24:01 | Build | House |
| 24:02 | Build | House |
| 24:03 | Build | House |
| 24:04 | Build | House |
| 24:05 | Build | House |
| 25:08 | Build | Watch Tower |
| 25:10 | Build | Watch Tower |
| 25:53 | Build | Farm |
| 25:55 | Build | Farm |
| 25:57 | Build | Farm |
| 25:58 | Build | Farm |
| 26:01 | Build | Farm |
| 26:03 | Create | Villager (Male) |
| 26:03 | Create | Villager (Male) |
| 26:04 | Create | Villager (Male) |
| 26:04 | Create | Villager (Male) |
| 26:08 | Create | Villager (Male) ×5 |
| 26:08 | Create | Villager (Male) ×5 |
| 26:08 | Create | Villager (Male) ×5 |
| 26:08 | Create | Villager (Male) ×5 |
| 26:09 | Create | Villager (Male) ×5 |
| 26:12 | Create | Villager (Male) |
| 26:12 | Create | Villager (Male) |
| 26:13 | Create | Villager (Male) |
| 26:36 | Build | House |
| 26:36 | Build | House |
| 26:38 | Build | House |
| 26:45 | Build | Farm |
| 26:55 | Create | Villager (Male) ×5 |
Build order — alejandrorebolledo
First 150 of 745 actions detected
| 0:06 | Research | Loom |
| 0:19 | Build | Palisade Wall |
| 0:24 | Create | Villager (Male) |
| 0:24 | Create | Villager (Male) |
| 0:25 | Create | Villager (Male) |
| 0:25 | Create | Villager (Male) |
| 1:23 | Build | Palisade Wall |
| 1:51 | Build | House |
| 2:46 | Build | House |
| 2:47 | Build | House |
| 3:39 | Build | Palisade Wall |
| 4:20 | Build | Palisade Gate |
| 4:28 | Create | Villager (Male) |
| 4:52 | Build | House |
| 4:59 | Create | Villager (Male) |
| 5:43 | Create | Villager (Male) |
| 5:43 | Create | Villager (Male) |
| 6:27 | Create | Villager (Male) |
| 6:29 | Create | Villager (Male) |
| 6:44 | Create | Villager (Male) |
| 7:19 | Create | Villager (Male) |
| 8:09 | Create | Villager (Male) |
| 8:09 | Create | Villager (Male) |
| 8:46 | Build | Mill |
| 9:30 | Create | Villager (Male) |
| 9:31 | Create | Villager (Male) |
| 10:07 | Create | Villager (Male) |
| 10:28 | Build | Lumber Camp |
| 11:03 | Research | Feudal Age |
| 12:03 | Build | House |
| 12:05 | Build | House |
| 12:06 | Build | House |
| 12:07 | Build | House |
| 12:32 | Build | Barracks |
| 12:40 | Create | Villager (Male) |
| 12:40 | Create | Villager (Male) |
| 12:40 | Create | Villager (Male) |
| 12:40 | Create | Villager (Male) |
| 13:07 | Create | Villager (Male) |
| 13:33 | Build | Market |
| 14:03 | Build | Farm |
| 14:23 | Build | Mining Camp |
| 14:52 | Build | House |
| 14:54 | Build | House |
| 14:56 | Build | House |
| 15:06 | Build | Farm |
| 15:09 | Create | Villager (Male) |
| 15:10 | Create | Villager (Male) |
| 15:22 | Create | Villager (Male) |
| 15:28 | Build | Farm |
| 15:51 | Build | Farm |
| 16:27 | Build | Blacksmith |
| 16:29 | Create | Villager (Male) |
| 16:30 | Create | Villager (Male) |
| 16:59 | Build | House |
| 17:05 | Build | Farm |
| 17:21 | Build | Farm |
| 17:27 | Create | Villager (Male) |
| 17:31 | Create | Villager (Male) |
| 17:41 | Build | House |
| 17:44 | Build | House |
| 18:15 | Create | Villager (Male) |
| 18:27 | Create | Trade Cart |
| 18:48 | Build | House |
| 18:56 | Create | Villager (Male) |
| 18:56 | Create | Villager (Male) |
| 19:22 | Build | Farm |
| 19:41 | Build | Farm |
| 19:43 | Build | Farm |
| 19:45 | Build | Farm |
| 20:03 | Research | Castle Age |
| 20:25 | Build | Mining Camp |
| 20:35 | Create | Villager (Male) |
| 21:30 | Create | Villager (Male) |
| 21:31 | Create | Villager (Male) |
| 22:51 | Build | Town Center |
| 22:54 | Create | Villager (Male) |
| 22:54 | Create | Villager (Male) |
| 22:54 | Create | Villager (Male) |
| 23:00 | Research | Horse Collar |
| 23:20 | Create | Villager (Male) |
| 23:20 | Create | Villager (Male) |
| 23:29 | Create | Villager (Male) |
| 23:29 | Create | Villager (Male) |
| 23:30 | Create | Villager (Male) |
| 23:41 | Build | Town Center |
| 23:52 | Create | Villager (Male) |
| 24:19 | Build | Barracks |
| 24:21 | Build | Barracks |
| 24:55 | Build | Lumber Camp |
| 24:58 | Create | Villager (Male) |
| 24:59 | Create | Villager (Male) |
| 24:59 | Create | Villager (Male) |
| 24:59 | Create | Villager (Male) |
| 24:59 | Create | Villager (Male) |
| 25:02 | Create | Villager (Male) |
| 25:38 | Create | Villager (Male) |
| 25:40 | Create | Villager (Male) |
| 25:57 | Build | Monastery |
| 26:04 | Create | Villager (Male) |
| 26:12 | Create | Villager (Male) |
| 26:13 | Create | Villager (Male) |
| 26:15 | Create | Villager (Male) |
| 26:19 | Build | Farm |
| 26:22 | Build | Farm |
| 27:04 | Build | Castle |
| 27:10 | Build | Farm |
| 27:13 | Create | Monk |
| 27:14 | Create | Monk |
| 27:14 | Create | Monk |
| 27:15 | Create | Monk |
| 27:24 | Build | Farm |
| 27:25 | Create | Villager (Male) |
| 27:26 | Create | Villager (Male) |
| 27:28 | Create | Villager (Male) |
| 27:30 | Create | Villager (Male) |
| 27:49 | Build | House |
| 27:50 | Build | House |
| 27:52 | Build | House |
| 27:53 | Build | House |
| 27:54 | Build | House |
| 28:08 | Create | Villager (Male) |
| 28:10 | Create | Villager (Male) |
| 28:11 | Create | Villager (Male) |
| 28:11 | Create | Villager (Male) |
| 28:30 | Build | Barracks |
| 28:32 | Build | Barracks |
| 29:56 | Create | Villager (Male) |
| 29:56 | Create | Villager (Male) |
| 30:00 | Create | Villager (Male) |
| 30:00 | Create | Villager (Male) |
| 30:02 | Create | Villager (Male) |
| 30:02 | Create | Villager (Male) |
| 30:02 | Create | Villager (Male) |
| 30:20 | Build | Town Center |
| 30:26 | Research | Heavy Plow |
| 30:30 | Research | Double-Bit Axe |
| 30:41 | Build | Barracks |
| 30:42 | Build | Barracks |
| 30:44 | Build | Barracks |
| 30:57 | Build | Siege Workshop |
| 31:03 | Build | Siege Workshop |
| 31:13 | Build | House |
| 31:16 | Build | House |
| 31:18 | Build | House |
| 31:22 | Create | Villager (Male) |
| 31:22 | Create | Villager (Male) |
| 31:24 | Create | Villager (Male) |
| 31:25 | Create | Villager (Male) |
| 31:38 | Build | Farm |
Build order — SkilzDatKilz845
First 150 of 673 actions detected
| 0:02 | Create | Villager (Male) |
| 0:05 | Build | House |
| 0:08 | Build | House |
| 0:12 | Build | House |
| 0:15 | Research | Loom |
| 0:16 | Create | Villager (Male) ×3 |
| 0:50 | Build | Palisade Wall |
| 0:57 | Build | Palisade Wall |
| 2:54 | Create | Villager (Male) |
| 2:54 | Create | Villager (Male) |
| 2:54 | Create | Villager (Male) |
| 3:20 | Create | Villager (Male) |
| 3:48 | Create | Villager (Male) |
| 4:01 | Create | Villager (Male) |
| 4:34 | Create | Villager (Male) |
| 4:44 | Create | Villager (Male) |
| 5:21 | Create | Villager (Male) |
| 6:20 | Create | Villager (Male) |
| 6:20 | Create | Villager (Male) |
| 7:11 | Create | Villager (Male) |
| 7:11 | Create | Villager (Male) |
| 7:24 | Build | Mill |
| 7:29 | Create | Villager (Male) |
| 7:56 | Create | Villager (Male) |
| 8:13 | Build | Lumber Camp |
| 8:23 | Build | House |
| 8:25 | Build | House |
| 8:26 | Build | House |
| 8:37 | Create | Villager (Male) |
| 8:59 | Create | Villager (Male) |
| 9:40 | Create | Villager (Male) |
| 10:07 | Build | Mill |
| 10:34 | Create | Villager (Male) |
| 11:05 | Build | Barracks |
| 11:16 | Build | Mining Camp |
| 11:24 | Build | Barracks |
| 11:27 | Build | Barracks |
| 12:12 | Create | Villager (Male) |
| 12:13 | Create | Villager (Male) |
| 12:13 | Create | Villager (Male) |
| 12:15 | Research | Feudal Age |
| 13:02 | Create | Villager (Male) |
| 14:35 | Build | Archery Range |
| 14:39 | Build | Archery Range |
| 14:50 | Create | Villager (Male) |
| 14:50 | Create | Villager (Male) |
| 14:51 | Create | Villager (Male) |
| 15:06 | Build | Stable |
| 15:07 | Build | Stable |
| 15:57 | Create | Villager (Male) |
| 15:57 | Create | Villager (Male) |
| 15:58 | Create | Villager (Male) |
| 16:02 | Research | Man-at-Arms (upgrade) |
| 16:09 | Research | Arson |
| 16:14 | Create | Spearman ×5 |
| 16:48 | Build | House |
| 16:50 | Build | House |
| 16:54 | Build | House |
| 17:06 | Build | Mill |
| 18:16 | Build | Stone Wall |
| 18:32 | Build | Mill |
| 18:35 | Build | Farm |
| 18:35 | Build | Farm |
| 18:36 | Build | Farm |
| 18:36 | Build | Farm |
| 18:38 | Build | Farm |
| 18:47 | Build | House |
| 19:19 | Create | Villager (Male) |
| 19:20 | Create | Villager (Male) |
| 19:20 | Create | Villager (Male) |
| 19:31 | Build | Mining Camp |
| 19:46 | Create | Scout Cavalry |
| 19:46 | Create | Scout Cavalry |
| 19:46 | Create | Scout Cavalry |
| 19:56 | Research | Castle Age |
| 19:58 | Create | Villager (Male) |
| 20:00 | Create | Villager (Male) |
| 21:17 | Build | Farm |
| 21:17 | Build | Farm |
| 21:18 | Build | Farm |
| 21:21 | Research | Horse Collar |
| 21:24 | Research | Double-Bit Axe |
| 21:29 | Create | Archer |
| 21:32 | Create | Skirmisher ×2 |
| 22:28 | Research | Wheelbarrow |
| 23:13 | Build | Mill |
| 23:16 | Build | Farm |
| 23:16 | Build | Farm |
| 23:17 | Build | Farm |
| 23:24 | Create | Villager (Male) |
| 23:25 | Create | Villager (Male) |
| 23:25 | Create | Villager (Male) |
| 23:25 | Create | Villager (Male) |
| 24:19 | Build | Market |
| 25:26 | Build | Farm |
| 25:26 | Build | Farm |
| 25:26 | Build | Farm |
| 25:27 | Build | Farm |
| 25:34 | Create | Villager (Male) |
| 25:34 | Create | Villager (Male) |
| 25:35 | Create | Villager (Male) |
| 25:35 | Create | Villager (Male) |
| 25:45 | Research | Husbandry |
| 25:48 | Create | Camel Scout ×5 |
| 26:13 | Build | Blacksmith |
| 26:16 | Create | Villager (Male) |
| 26:17 | Create | Villager (Male) |
| 26:52 | Build | Town Center |
| 27:00 | Build | Town Center |
| 27:08 | Build | Lumber Camp |
| 27:28 | Research | Heavy Plow |
| 27:36 | Build | University |
| 27:44 | Research | Gambesons |
| 27:45 | Research | Squires |
| 27:46 | Research | Pikeman (upgrade) |
| 27:47 | Create | Spearman ×5 |
| 27:49 | Create | Spearman ×2 |
| 28:13 | Create | Villager (Male) ×5 |
| 28:41 | Create | Villager (Male) |
| 28:41 | Create | Villager (Male) |
| 28:42 | Create | Villager (Male) |
| 28:42 | Create | Villager (Male) |
| 29:41 | Build | House |
| 29:43 | Build | House |
| 29:45 | Build | House |
| 29:45 | Build | House |
| 29:46 | Build | House |
| 29:48 | Build | House |
| 29:49 | Build | House |
| 29:50 | Build | House |
| 30:05 | Build | Castle |
| 30:12 | Create | Villager (Male) ×5 |
| 30:21 | Create | Villager (Male) |
| 30:21 | Create | Villager (Male) |
| 30:21 | Create | Villager (Male) |
| 30:21 | Create | Villager (Male) |
| 30:21 | Create | Villager (Male) |
| 30:21 | Create | Villager (Male) |
| 30:26 | Build | Farm |
| 31:00 | Create | Villager (Male) |
| 31:00 | Create | Villager (Male) |
| 31:00 | Create | Villager (Male) |
| 31:00 | Create | Villager (Male) |
| 31:00 | Create | Villager (Male) |
| 31:00 | Create | Villager (Male) |
| 31:09 | Create | Villager (Male) |
| 31:09 | Create | Villager (Male) |
| 31:09 | Create | Villager (Male) |
| 31:32 | Create | Trade Cart |
| 31:33 | Create | Trade Cart |
Build order — ErvilhaDaBoa 0.o !
First 150 of 1198 actions detected
| 0:04 | Build | House |
| 0:05 | Build | House |
| 0:07 | Build | House |
| 0:18 | Create | Villager (Male) |
| 0:18 | Create | Villager (Male) |
| 0:18 | Create | Villager (Male) |
| 0:19 | Create | Villager (Male) |
| 1:10 | Build | Palisade Wall |
| 1:30 | Build | Palisade Wall |
| 2:03 | Build | Palisade Wall |
| 2:19 | Create | Villager (Male) |
| 2:34 | Build | House |
| 2:36 | Build | House |
| 3:16 | Build | House |
| 4:06 | Create | Villager (Male) |
| 4:07 | Create | Villager (Male) |
| 4:08 | Create | Villager (Male) |
| 4:36 | Create | Villager (Male) |
| 5:08 | Build | Palisade Wall |
| 5:21 | Build | Palisade Wall |
| 5:40 | Create | Villager (Male) |
| 5:41 | Create | Villager (Male) |
| 5:42 | Create | Villager (Male) |
| 5:42 | Create | Villager (Male) |
| 6:34 | Build | Palisade Wall |
| 6:44 | Create | Villager (Male) |
| 7:08 | Build | Lumber Camp |
| 7:42 | Build | House |
| 8:05 | Create | Villager (Male) |
| 8:35 | Create | Villager (Male) |
| 8:35 | Create | Villager (Male) |
| 8:35 | Create | Villager (Male) |
| 8:35 | Create | Villager (Male) |
| 8:36 | Create | Villager (Male) |
| 8:36 | Create | Villager (Male) |
| 9:01 | Build | Mill |
| 9:20 | Build | House |
| 9:49 | Create | Villager (Male) |
| 9:58 | Create | Villager (Male) |
| 10:02 | Build | House |
| 10:02 | Build | House |
| 10:16 | Create | Villager (Male) |
| 11:11 | Build | House |
| 11:12 | Build | House |
| 11:13 | Build | House |
| 11:15 | Build | House |
| 11:48 | Research | Feudal Age |
| 11:48 | Research | Feudal Age |
| 12:11 | Build | Barracks |
| 13:07 | Build | House |
| 13:09 | Build | House |
| 13:27 | Build | Donjon |
| 13:40 | Create | Villager (Male) |
| 13:40 | Create | Villager (Male) |
| 13:40 | Create | Villager (Male) |
| 13:41 | Create | Villager (Male) |
| 13:41 | Create | Villager (Male) |
| 14:04 | Create | Villager (Male) |
| 14:14 | Research | Double-Bit Axe |
| 14:17 | Research | Horse Collar |
| 14:21 | Build | Farm |
| 14:26 | Build | House |
| 14:27 | Build | House |
| 14:28 | Build | House |
| 14:40 | Build | Farm |
| 14:53 | Create | Villager (Male) |
| 15:01 | Build | Mining Camp |
| 15:19 | Build | Mining Camp |
| 15:42 | Build | Stone Wall |
| 15:49 | Build | Stone Wall |
| 16:01 | Build | Stone Wall |
| 16:14 | Build | Market |
| 16:16 | Create | Villager (Male) |
| 16:16 | Create | Villager (Male) |
| 16:16 | Create | Villager (Male) |
| 16:17 | Create | Villager (Male) |
| 16:30 | Build | Farm |
| 16:31 | Build | Farm |
| 16:32 | Build | Farm |
| 16:33 | Build | Farm |
| 16:34 | Build | Farm |
| 16:37 | Build | Farm |
| 16:50 | Research | Gold Mining |
| 17:28 | Build | Stone Wall |
| 17:37 | Build | Farm |
| 17:38 | Build | Farm |
| 17:39 | Create | Villager (Male) |
| 17:40 | Create | Villager (Male) |
| 17:51 | Create | Villager (Male) |
| 17:54 | Build | House |
| 17:55 | Build | House |
| 17:58 | Build | Blacksmith |
| 18:11 | Build | Farm |
| 18:30 | Create | Villager (Male) |
| 18:31 | Create | Villager (Male) |
| 18:34 | Build | Farm |
| 19:00 | Build | Farm |
| 19:30 | Build | Farm |
| 19:34 | Create | Villager (Male) |
| 19:35 | Create | Villager (Male) |
| 19:35 | Create | Villager (Male) |
| 19:35 | Create | Villager (Male) |
| 19:36 | Create | Villager (Male) |
| 19:49 | Build | House |
| 19:50 | Build | House |
| 19:51 | Build | House |
| 19:55 | Build | House |
| 19:56 | Build | House |
| 19:57 | Build | House |
| 19:58 | Build | House |
| 20:04 | Build | Farm |
| 20:29 | Research | Stone Mining |
| 20:35 | Build | Farm |
| 20:52 | Create | Villager (Male) |
| 20:53 | Create | Villager (Male) |
| 21:05 | Build | Farm |
| 21:19 | Build | Farm |
| 21:47 | Create | Villager (Male) |
| 21:52 | Build | Farm |
| 22:10 | Build | Farm |
| 22:16 | Create | Villager (Male) |
| 22:35 | Create | Serjeant |
| 22:36 | Create | Serjeant |
| 22:51 | Create | Villager (Male) |
| 23:19 | Build | House |
| 23:22 | Build | House |
| 23:23 | Build | House |
| 23:24 | Build | House |
| 23:31 | Create | Villager (Male) |
| 23:32 | Create | Villager (Male) |
| 23:34 | Build | Farm |
| 23:40 | Research | Castle Age |
| 24:01 | Build | Donjon |
| 24:20 | Create | Villager (Male) |
| 24:20 | Create | Villager (Male) |
| 24:21 | Create | Villager (Male) |
| 24:21 | Create | Villager (Male) |
| 24:21 | Create | Villager (Male) |
| 24:26 | Create | Villager (Male) |
| 25:43 | Create | Serjeant |
| 25:44 | Create | Serjeant |
| 25:44 | Create | Serjeant |
| 25:44 | Create | Serjeant |
| 25:45 | Create | Serjeant |
| 25:45 | Create | Serjeant |
| 25:45 | Create | Serjeant |
| 25:45 | Create | Serjeant |
| 25:53 | Build | House |
| 25:54 | Build | House |
| 25:55 | Build | House |
Build order — NC Buss
First 150 of 519 actions detected
| 0:04 | Research | Loom |
| 0:05 | Create | Villager (Male) ×4 |
| 0:05 | Create | Villager (Male) |
| 0:09 | Build | House |
| 0:10 | Build | House |
| 0:11 | Build | House |
| 0:12 | Build | House |
| 0:30 | Build | Palisade Wall |
| 0:35 | Build | Palisade Wall |
| 2:22 | Create | Villager (Male) |
| 3:08 | Create | Villager (Male) |
| 3:22 | Create | Villager (Male) |
| 4:02 | Create | Villager (Male) |
| 4:29 | Create | Villager (Male) ×2 |
| 4:29 | Create | Villager (Male) |
| 4:47 | Create | Villager (Male) |
| 6:27 | Build | Mill |
| 7:45 | Build | Lumber Camp |
| 8:40 | Research | Feudal Age |
| 9:25 | Build | House |
| 9:28 | Build | House |
| 9:30 | Build | House |
| 9:32 | Build | House |
| 9:33 | Build | House |
| 9:33 | Build | House |
| 9:34 | Build | House |
| 9:34 | Build | House |
| 10:53 | Research | Double-Bit Axe |
| 10:56 | Create | Villager (Male) ×3 |
| 10:56 | Create | Villager (Male) |
| 11:33 | Build | Stone Wall |
| 11:38 | Build | Stone Wall |
| 12:11 | Create | Villager (Male) ×6 |
| 12:11 | Create | Villager (Male) |
| 12:42 | Build | Farm |
| 12:42 | Build | Farm |
| 13:00 | Build | Farm |
| 13:01 | Build | Farm |
| 13:02 | Build | Farm |
| 13:25 | Build | Farm |
| 14:16 | Build | Mill |
| 14:47 | Build | Gate |
| 14:59 | Build | Gate |
| 15:15 | Create | Villager (Male) ×6 |
| 15:16 | Create | Villager (Male) |
| 15:58 | Build | Farm |
| 16:13 | Build | Farm |
| 16:39 | Build | Farm |
| 16:46 | Create | Villager (Male) ×7 |
| 16:46 | Create | Villager (Male) |
| 17:04 | Build | Farm |
| 17:28 | Build | Farm |
| 17:30 | Research | Horse Collar |
| 17:54 | Build | Farm |
| 18:23 | Build | Farm |
| 18:45 | Build | Farm |
| 19:05 | Build | Market |
| 19:20 | Build | Blacksmith |
| 20:38 | Research | Castle Age |
| 20:42 | Create | Trade Cart |
| 20:44 | Create | Trade Cart |
| 21:28 | Build | Barracks |
| 21:41 | Build | Farm |
| 21:42 | Build | Farm |
| 21:43 | Build | Farm |
| 21:44 | Build | Farm |
| 21:45 | Build | Farm |
| 21:46 | Build | Farm |
| 23:41 | Build | Town Center |
| 23:52 | Create | Villager (Male) |
| 23:53 | Create | Villager (Male) |
| 23:53 | Create | Villager (Male) |
| 23:53 | Create | Villager (Male) |
| 23:54 | Create | Villager (Male) |
| 24:49 | Build | Town Center |
| 25:04 | Create | Villager (Male) ×15 |
| 25:04 | Create | Villager (Male) |
| 25:55 | Create | Trade Cart |
| 26:46 | Build | House |
| 26:47 | Build | House |
| 26:47 | Build | House |
| 26:48 | Build | House |
| 26:48 | Build | House |
| 26:48 | Build | House |
| 26:49 | Build | House |
| 26:50 | Build | House |
| 26:50 | Build | House |
| 26:51 | Build | House |
| 27:00 | Build | Siege Workshop |
| 27:02 | Build | Siege Workshop |
| 27:04 | Build | Siege Workshop |
| 27:09 | Create | Villager (Male) ×15 |
| 27:09 | Create | Villager (Male) |
| 27:12 | Create | Villager (Male) ×9 |
| 27:12 | Create | Villager (Male) |
| 27:48 | Build | Mining Camp |
| 27:56 | Build | Mining Camp |
| 28:07 | Create | Trade Cart |
| 28:07 | Create | Trade Cart |
| 28:31 | Create | Villager (Male) ×4 |
| 28:31 | Create | Villager (Male) |
| 29:16 | Build | University |
| 29:28 | Research | Gold Mining |
| 29:33 | Research | Stone Mining |
| 29:41 | Create | Scorpion ×3 |
| 29:41 | Create | Scorpion |
| 29:48 | Create | Scorpion |
| 30:01 | Create | Villager (Male) ×2 |
| 30:02 | Create | Villager (Male) |
| 30:15 | Build | House |
| 30:17 | Build | House |
| 30:18 | Build | House |
| 30:18 | Build | House |
| 30:20 | Build | House |
| 30:20 | Build | House |
| 30:21 | Build | House |
| 30:32 | Create | Villager (Male) ×2 |
| 30:32 | Create | Villager (Male) |
| 31:00 | Research | Fortified Wall (upgrade) |
| 31:02 | Research | Ballistics |
| 31:07 | Create | Scorpion ×2 |
| 31:07 | Create | Scorpion |
| 31:10 | Create | Scorpion |
| 31:37 | Research | Masonry |
| 31:45 | Build | Farm |
| 31:45 | Build | Farm |
| 31:48 | Build | Farm |
| 31:48 | Build | Farm |
| 31:48 | Build | Farm |
| 31:48 | Build | Farm |
| 31:48 | Build | Farm |
| 31:48 | Build | Farm |
| 31:48 | Build | Farm |
| 31:48 | Build | Farm |
| 31:58 | Research | Bow Saw |
| 32:18 | Build | Farm |
| 32:55 | Build | Castle |
| 33:00 | Build | Farm |
| 33:00 | Build | Farm |
| 33:16 | Build | Castle |
| 33:31 | Build | House |
| 33:32 | Build | House |
| 33:32 | Build | House |
| 33:33 | Build | House |
| 33:33 | Build | House |
| 33:33 | Build | House |
| 33:34 | Build | House |
| 33:34 | Build | House |
| 33:35 | Build | House |
| 33:35 | Build | House |
Build order — Jaereg
First 150 of 838 actions detected
| 0:06 | Build | House |
| 0:12 | Create | Villager (Male) ×4 |
| 1:43 | Create | Villager (Male) |
| 1:48 | Research | Loom |
| 2:05 | Build | House |
| 2:29 | Create | Villager (Male) |
| 2:30 | Create | Villager (Male) |
| 3:16 | Create | Villager (Male) |
| 3:17 | Create | Villager (Male) |
| 3:17 | Create | Villager (Male) |
| 3:23 | Build | House |
| 3:38 | Create | Villager (Male) |
| 4:15 | Create | Villager (Male) |
| 4:25 | Create | Villager (Male) |
| 5:09 | Create | Villager (Male) |
| 5:09 | Create | Villager (Male) |
| 5:09 | Create | Villager (Male) |
| 5:25 | Build | House |
| 5:57 | Create | Villager (Male) |
| 7:53 | Create | Villager (Male) |
| 7:53 | Create | Villager (Male) |
| 7:53 | Create | Villager (Male) |
| 8:22 | Build | House |
| 9:24 | Create | Villager (Male) |
| 9:47 | Build | Mill |
| 10:29 | Create | Villager (Male) |
| 10:29 | Create | Villager (Male) |
| 10:30 | Create | Villager (Male) |
| 10:30 | Create | Villager (Male) |
| 10:30 | Create | Villager (Male) |
| 11:32 | Create | Villager (Male) |
| 11:33 | Create | Villager (Male) |
| 11:42 | Build | House |
| 11:57 | Build | House |
| 12:24 | Create | Villager (Male) |
| 12:24 | Create | Villager (Male) |
| 12:36 | Create | Villager (Male) |
| 12:53 | Build | Lumber Camp |
| 12:59 | Create | Villager (Male) |
| 12:59 | Create | Villager (Male) |
| 12:59 | Create | Villager (Male) |
| 12:59 | Create | Villager (Male) |
| 13:00 | Create | Villager (Male) |
| 13:16 | Create | Villager (Male) |
| 13:17 | Create | Villager (Male) |
| 13:22 | Create | Villager (Male) |
| 13:56 | Create | Villager (Male) |
| 14:27 | Research | Feudal Age |
| 15:06 | Build | Palisade Gate |
| 15:10 | Create | Villager (Male) |
| 15:32 | Build | Farm |
| 15:32 | Build | Farm |
| 15:33 | Build | Farm |
| 15:33 | Build | Farm |
| 15:33 | Build | Farm |
| 15:34 | Build | Farm |
| 15:34 | Build | Farm |
| 15:34 | Build | Farm |
| 15:34 | Build | Farm |
| 16:49 | Create | Villager (Male) |
| 16:55 | Research | Wheelbarrow |
| 17:26 | Build | Market |
| 17:30 | Build | Blacksmith |
| 17:51 | Build | Farm |
| 17:51 | Build | Farm |
| 17:52 | Build | Farm |
| 17:52 | Build | Farm |
| 17:52 | Build | Farm |
| 17:52 | Build | Farm |
| 17:53 | Build | Farm |
| 18:01 | Research | Double-Bit Axe |
| 18:27 | Create | Villager (Male) |
| 18:35 | Build | Farm |
| 18:37 | Build | Farm |
| 18:56 | Build | Farm |
| 18:57 | Build | Farm |
| 19:00 | Build | Farm |
| 19:01 | Build | Farm |
| 19:23 | Create | Villager (Male) |
| 19:45 | Research | Castle Age |
| 19:51 | Build | Farm |
| 20:09 | Create | Villager (Male) |
| 20:31 | Build | Gate |
| 20:57 | Research | Horse Collar |
| 21:43 | Build | Mining Camp |
| 22:13 | Research | Gold Mining |
| 22:57 | Research | Heavy Plow |
| 22:59 | Research | Bow Saw |
| 23:08 | Build | University |
| 23:13 | Create | Villager (Male) |
| 23:14 | Research | Hand Cart |
| 23:38 | Create | Villager (Male) |
| 23:48 | Build | House |
| 23:49 | Build | House |
| 23:50 | Build | House |
| 23:51 | Build | House |
| 23:54 | Build | House |
| 23:55 | Build | House |
| 24:04 | Research | Treadmill Crane |
| 24:54 | Build | Farm |
| 24:54 | Build | Farm |
| 25:04 | Build | Town Center |
| 25:16 | Create | Villager (Male) |
| 25:17 | Create | Villager (Male) |
| 26:10 | Create | Villager (Male) |
| 26:10 | Create | Villager (Male) |
| 26:10 | Create | Villager (Male) |
| 26:11 | Create | Villager (Male) |
| 26:21 | Research | Gold Shaft Mining |
| 26:29 | Build | Monastery |
| 26:37 | Build | Farm |
| 26:37 | Build | Farm |
| 27:05 | Build | Town Center |
| 27:17 | Create | Villager (Male) |
| 27:17 | Create | Villager (Male) |
| 27:17 | Create | Villager (Male) |
| 27:18 | Create | Villager (Male) |
| 27:18 | Create | Villager (Male) |
| 27:18 | Create | Villager (Male) |
| 27:24 | Create | Monk |
| 27:26 | Research | Fervor |
| 27:40 | Build | Mining Camp |
| 28:13 | Build | Farm |
| 28:34 | Create | Villager (Male) |
| 28:34 | Create | Villager (Male) |
| 28:34 | Create | Villager (Male) |
| 28:34 | Create | Villager (Male) |
| 28:36 | Create | Villager (Male) |
| 28:36 | Create | Villager (Male) |
| 28:36 | Create | Villager (Male) |
| 28:37 | Create | Villager (Male) |
| 28:37 | Create | Villager (Male) |
| 28:38 | Create | Villager (Male) |
| 28:38 | Create | Villager (Male) |
| 28:46 | Build | Farm |
| 28:46 | Build | Farm |
| 28:46 | Build | Farm |
| 28:46 | Build | Farm |
| 28:47 | Build | Farm |
| 29:02 | Research | Stone Mining |
| 29:26 | Create | Villager (Male) |
| 29:26 | Create | Villager (Male) |
| 29:26 | Create | Villager (Male) |
| 29:27 | Create | Villager (Male) |
| 29:28 | Create | Villager (Male) |
| 29:42 | Create | Villager (Male) |
| 29:42 | Create | Villager (Male) |
| 29:43 | Create | Villager (Male) |
| 29:43 | Create | Villager (Male) |
| 30:04 | Create | Villager (Male) |
Build order — Cosmatas Maker
99 actions detected in the replay
| 0:03 | Create | Villager (Male) |
| 0:04 | Create | Villager (Male) |
| 0:04 | Create | Villager (Male) |
| 0:04 | Create | Villager (Male) |
| 0:04 | Create | Villager (Male) |
| 0:04 | Create | Villager (Male) |
| 0:06 | Build | House |
| 0:40 | Research | Loom |
| 1:12 | Create | Villager (Male) |
| 1:12 | Create | Villager (Male) |
| 1:13 | Create | Villager (Male) |
| 1:13 | Create | Villager (Male) |
| 3:04 | Build | Palisade Wall |
| 4:01 | Build | Mill |
| 4:25 | Build | House |
| 4:27 | Build | House |
| 4:29 | Build | House |
| 5:40 | Build | Palisade Wall |
| 6:38 | Build | Palisade Wall |
| 6:52 | Create | Villager (Male) |
| 6:52 | Create | Villager (Male) |
| 6:53 | Create | Villager (Male) |
| 6:53 | Create | Villager (Male) |
| 7:06 | Build | Palisade Wall |
| 7:07 | Build | Palisade Wall |
| 7:37 | Build | Palisade Wall |
| 7:38 | Build | Palisade Wall |
| 7:54 | Build | Palisade Wall |
| 8:09 | Build | Palisade Wall |
| 8:09 | Build | Palisade Wall |
| 8:10 | Build | Palisade Wall |
| 8:28 | Create | Villager (Male) |
| 8:28 | Create | Villager (Male) |
| 8:29 | Create | Villager (Male) |
| 8:29 | Create | Villager (Male) |
| 9:15 | Create | Villager (Male) |
| 9:15 | Create | Villager (Male) |
| 9:37 | Create | Villager (Male) |
| 9:37 | Create | Villager (Male) |
| 9:37 | Create | Villager (Male) |
| 9:37 | Create | Villager (Male) |
| 10:11 | Build | Mining Camp |
| 10:15 | Create | Villager (Male) |
| 10:15 | Create | Villager (Male) |
| 10:16 | Create | Villager (Male) |
| 10:16 | Create | Villager (Male) |
| 10:16 | Create | Villager (Male) |
| 10:38 | Build | Lumber Camp |
| 10:39 | Create | Villager (Male) |
| 10:39 | Create | Villager (Male) |
| 10:58 | Create | Villager (Male) |
| 10:59 | Create | Villager (Male) |
| 10:59 | Create | Villager (Male) |
| 11:50 | Create | Villager (Male) |
| 11:50 | Create | Villager (Male) |
| 11:50 | Create | Villager (Male) |
| 12:09 | Build | House |
| 12:10 | Build | House |
| 12:11 | Build | House |
| 12:30 | Create | Villager (Male) |
| 12:30 | Create | Villager (Male) |
| 12:30 | Create | Villager (Male) |
| 12:50 | Build | Mill |
| 12:52 | Create | Villager (Male) |
| 12:52 | Create | Villager (Male) |
| 13:13 | Create | Villager (Male) |
| 13:14 | Create | Villager (Male) |
| 13:19 | Build | House |
| 13:20 | Build | House |
| 13:34 | Create | Villager (Male) |
| 13:34 | Create | Villager (Male) |
| 14:18 | Create | Villager (Male) |
| 14:19 | Create | Villager (Male) |
| 14:40 | Build | Palisade Wall |
| 15:11 | Create | Villager (Male) |
| 15:12 | Create | Villager (Male) |
| 15:12 | Create | Villager (Male) |
| 15:38 | Build | Mining Camp |
| 17:28 | Build | Palisade Wall |
| 17:29 | Build | Palisade Wall |
| 17:30 | Build | Palisade Wall |
| 17:31 | Build | Palisade Wall |
| 18:08 | Build | Palisade Wall |
| 18:27 | Build | Palisade Wall |
| 18:44 | Research | Feudal Age |
| 19:05 | Build | Mill |
| 20:36 | Build | Barracks |
| 20:58 | Create | Villager (Male) |
| 20:58 | Create | Villager (Male) |
| 21:03 | Research | Double-Bit Axe |
| 21:24 | Build | Stone Wall |
| 21:48 | Build | Stone Wall |
| 22:44 | Build | Stone Wall |
| 23:06 | Build | Stone Wall |
| 23:16 | Build | Gate |
| 23:28 | Build | Blacksmith |
| 23:38 | Build | Stable |
| 24:46 | Build | Mining Camp |
| 24:56 | Research | Castle Age |
Build order — WendreyT9913
First 150 of 421 actions detected
| 0:13 | Research | Loom |
| 0:14 | Create | Villager (Male) ×5 |
| 0:14 | Create | Villager (Male) ×5 |
| 0:14 | Create | Villager (Male) ×5 |
| 0:44 | Build | House |
| 0:51 | Build | House |
| 0:52 | Build | House |
| 1:00 | Build | House |
| 1:02 | Build | House |
| 2:13 | Create | Villager (Male) |
| 2:13 | Create | Villager (Male) |
| 3:07 | Create | Villager (Male) |
| 3:07 | Create | Villager (Male) |
| 4:05 | Create | Villager (Male) ×2 |
| 4:05 | Create | Villager (Male) ×2 |
| 4:21 | Build | Palisade Wall |
| 5:09 | Create | Villager (Male) |
| 5:10 | Create | Villager (Male) |
| 5:10 | Create | Villager (Male) |
| 5:43 | Build | Barracks |
| 5:50 | Create | Villager (Male) |
| 5:50 | Create | Villager (Male) |
| 5:51 | Create | Villager (Male) |
| 6:12 | Create | Villager (Male) |
| 7:47 | Build | Lumber Camp |
| 8:10 | Create | Villager (Male) |
| 8:58 | Create | Villager (Male) |
| 8:59 | Create | Villager (Male) |
| 10:26 | Build | Palisade Wall |
| 10:58 | Research | Feudal Age |
| 12:13 | Build | House |
| 12:14 | Build | House |
| 12:18 | Build | House |
| 12:19 | Build | House |
| 12:20 | Build | House |
| 12:21 | Build | House |
| 12:23 | Build | House |
| 13:20 | Create | Villager (Male) ×2 |
| 13:20 | Create | Villager (Male) |
| 13:21 | Create | Villager (Male) |
| 14:34 | Build | Mining Camp |
| 14:43 | Build | Mining Camp |
| 14:46 | Create | Villager (Male) ×5 |
| 14:46 | Create | Villager (Male) ×5 |
| 15:26 | Build | Stone Wall |
| 15:32 | Build | Stone Wall |
| 15:35 | Build | Stone Wall |
| 15:42 | Build | Gate |
| 16:51 | Build | Archery Range |
| 17:01 | Build | Stable |
| 17:07 | Create | Villager (Male) |
| 17:08 | Create | Villager (Male) |
| 17:11 | Create | Villager (Male) ×4 |
| 17:20 | Build | House |
| 17:21 | Build | House |
| 18:03 | Build | Mill |
| 18:34 | Create | Villager (Male) ×3 |
| 18:34 | Create | Villager (Male) ×3 |
| 18:42 | Build | Farm |
| 18:48 | Build | Farm |
| 19:02 | Build | Farm |
| 19:08 | Build | Farm |
| 19:22 | Build | Farm |
| 19:33 | Build | Farm |
| 19:39 | Create | Villager (Male) |
| 19:39 | Create | Villager (Male) |
| 19:39 | Create | Villager (Male) |
| 19:50 | Build | House |
| 19:52 | Build | House |
| 20:20 | Build | Archery Range |
| 20:45 | Build | Blacksmith |
| 21:16 | Build | Market |
| 22:31 | Build | Lumber Camp |
| 22:59 | Build | Farm |
| 23:13 | Build | House |
| 23:14 | Build | House |
| 23:17 | Build | House |
| 23:19 | Build | House |
| 23:21 | Build | House |
| 23:40 | Research | Castle Age |
| 23:44 | Create | Villager (Male) |
| 24:33 | Create | Skirmisher |
| 24:33 | Create | Skirmisher |
| 26:49 | Build | House |
| 26:53 | Build | House |
| 26:55 | Build | House |
| 26:59 | Build | House |
| 27:01 | Build | House |
| 27:48 | Build | Monastery |
| 28:04 | Build | Monastery |
| 28:16 | Build | Farm |
| 28:18 | Build | Farm |
| 28:23 | Build | Farm |
| 28:26 | Build | Farm |
| 28:31 | Build | Farm |
| 29:00 | Build | Farm |
| 29:04 | Create | Villager (Male) ×5 |
| 29:08 | Research | Gold Mining |
| 29:18 | Research | Stone Mining |
| 29:22 | Create | Villager (Male) ×5 |
| 29:31 | Research | Double-Bit Axe |
| 29:45 | Create | Monk |
| 30:05 | Create | Monk |
| 30:37 | Build | Farm |
| 30:43 | Build | Farm |
| 30:49 | Build | Farm |
| 30:55 | Build | Farm |
| 31:01 | Build | Farm |
| 31:11 | Build | Farm |
| 31:28 | Build | Farm |
| 31:34 | Build | Farm |
| 31:39 | Create | Villager (Male) ×5 |
| 32:08 | Build | Farm |
| 32:18 | Build | Farm |
| 32:24 | Research | Horse Collar |
| 32:28 | Research | Gold Shaft Mining |
| 32:28 | Research | Stone Shaft Mining |
| 32:39 | Build | Farm |
| 34:06 | Research | Heavy Plow |
| 34:25 | Research | Bow Saw |
| 35:00 | Research | Forging |
| 35:00 | Research | Scale Mail Armor |
| 35:01 | Research | Padded Archer Armor |
| 35:02 | Research | Fletching |
| 35:03 | Research | Scale Barding Armor |
| 35:21 | Build | Castle |
| 35:51 | Build | Farm |
| 35:59 | Build | Farm |
| 36:06 | Build | Farm |
| 36:31 | Create | Trade Cart |
| 36:53 | Research | Thumb Ring |
| 37:09 | Research | Parthian Tactics |
| 37:25 | Create | Villager (Male) ×5 |
| 37:29 | Create | Villager (Male) ×5 |
| 38:10 | Research | Husbandry |
| 38:17 | Research | Bloodlines |
| 39:14 | Research | Kamandaran |
| 40:08 | Research | Imperial Age |
| 41:44 | Create | Trade Cart |
| 42:38 | Research | Crossbowman (upgrade) |
| 42:51 | Research | Iron Casting |
| 42:51 | Research | Bodkin Arrow |
| 42:52 | Research | Leather Archer Armor |
| 42:53 | Research | Chain Mail Armor |
| 42:53 | Research | Chain Barding Armor |
| 43:29 | Create | Spearman |
| 43:30 | Create | Spearman |
| 43:32 | Create | Spearman |
| 43:36 | Create | Spearman ×5 |
| 43:50 | Research | Crop Rotation |
Match timeline
| 0:19 | alejandrorebolledo · wall_segment Palisade Wall x17 |
| 0:30 | NC Buss · wall_segment Palisade Wall x12 |
| 0:35 | NC Buss · wall_segment Palisade Wall x13 |
| 0:50 | SkilzDatKilz845 · wall_segment Palisade Wall x13 |
| 0:57 | SkilzDatKilz845 · wall_segment Palisade Wall x4 |
| 1:10 | ErvilhaDaBoa 0.o ! · wall_segment Palisade Wall x14 |
| 1:23 | alejandrorebolledo · wall_segment Palisade Wall x16 |
| 1:30 | ErvilhaDaBoa 0.o ! · wall_segment Palisade Wall x13 |
| 2:03 | ErvilhaDaBoa 0.o ! · wall_segment Palisade Wall x10 |
| 3:04 | Cosmatas Maker · wall_segment Palisade Wall x13 |
| 3:39 | alejandrorebolledo · wall_segment Palisade Wall x13 |
| 4:21 | WendreyT9913 · wall_segment Palisade Wall x9 |
| 5:08 | ErvilhaDaBoa 0.o ! · wall_segment Palisade Wall x1 |
| 5:21 | ErvilhaDaBoa 0.o ! · wall_segment Palisade Wall x14 |
| 5:40 | Cosmatas Maker · wall_segment Palisade Wall x1 |
| 5:43 | WendreyT9913 · first_building Barracks |
| 6:34 | ErvilhaDaBoa 0.o ! · wall_segment Palisade Wall x6 |
| 6:38 | Cosmatas Maker · wall_segment Palisade Wall x1 |
| 7:06 | Cosmatas Maker · wall_segment Palisade Wall x1 |
| 7:07 | Cosmatas Maker · wall_segment Palisade Wall x1 |
| 7:37 | Cosmatas Maker · wall_segment Palisade Wall x1 |
| 7:38 | Cosmatas Maker · wall_segment Palisade Wall x1 |
| 7:54 | Cosmatas Maker · wall_segment Palisade Wall x1 |
| 8:09 | Cosmatas Maker · wall_segment Palisade Wall x1 |
| 8:09 | Cosmatas Maker · wall_segment Palisade Wall x1 |
| 8:10 | Cosmatas Maker · wall_segment Palisade Wall x1 |
| 10:26 | WendreyT9913 · wall_segment Palisade Wall x18 |
| 11:05 | SkilzDatKilz845 · first_building Barracks |
| 11:33 | NC Buss · wall_segment Stone Wall x10 |
| 11:38 | NC Buss · wall_segment Stone Wall x14 |
| 12:11 | ErvilhaDaBoa 0.o ! · first_building Barracks |
| 12:32 | alejandrorebolledo · first_building Barracks |
| 13:27 | ErvilhaDaBoa 0.o ! · first_building Donjon |
| 14:35 | SkilzDatKilz845 · first_building Archery Range |
| 14:40 | Cosmatas Maker · wall_segment Palisade Wall x1 |
| 15:06 | SkilzDatKilz845 · first_building Stable |
| 15:26 | WendreyT9913 · wall_segment Stone Wall x5 |
| 15:32 | WendreyT9913 · wall_segment Stone Wall x7 |
| 15:35 | WendreyT9913 · wall_segment Stone Wall x3 |
| 15:42 | ErvilhaDaBoa 0.o ! · wall_segment Stone Wall x9 |
| 15:49 | ErvilhaDaBoa 0.o ! · wall_segment Stone Wall x6 |
| 16:01 | ErvilhaDaBoa 0.o ! · wall_segment Stone Wall x1 |
| 16:51 | WendreyT9913 · first_building Archery Range |
| 17:01 | WendreyT9913 · first_building Stable |
| 17:28 | ErvilhaDaBoa 0.o ! · wall_segment Stone Wall x14 |
| 17:28 | Cosmatas Maker · wall_segment Palisade Wall x1 |
| 17:29 | Cosmatas Maker · wall_segment Palisade Wall x1 |
| 17:30 | Cosmatas Maker · wall_segment Palisade Wall x1 |
| 17:31 | Cosmatas Maker · wall_segment Palisade Wall x1 |
| 18:08 | Cosmatas Maker · wall_segment Palisade Wall x1 |
| 18:16 | SkilzDatKilz845 · wall_segment Stone Wall x10 |
| 18:27 | Cosmatas Maker · wall_segment Palisade Wall x1 |
| 19:10 | alejandrorebolledo · first_market_buy 100 food |
| 19:12 | alejandrorebolledo · first_market_sell 100 wood |
| 19:17 | Jaereg · first_market_sell 100 wood |
| 19:58 | santiagocasabsalado · first_market_sell 100 wood |
| 20:02 | santiagocasabsalado · first_market_buy 100 food |
| 20:14 | NC Buss · first_market_sell 100 food |
| 20:36 | Cosmatas Maker · first_building Barracks |
| 21:24 | Cosmatas Maker · wall_segment Stone Wall x9 |
| 21:28 | NC Buss · first_building Barracks |
| 21:44 | santiagocasabsalado · wall_segment Stone Wall x17 |
| 21:48 | Cosmatas Maker · wall_segment Stone Wall x5 |
| 22:03 | NC Buss · first_market_buy 100 stone |
| 22:44 | Cosmatas Maker · wall_segment Stone Wall x3 |
| 23:06 | Cosmatas Maker · wall_segment Stone Wall x13 |
| 23:38 | Cosmatas Maker · first_building Stable |
| 25:19 | Cosmatas Maker · resign |
| 25:57 | alejandrorebolledo · first_building Monastery |
| 26:29 | Jaereg · first_building Monastery |
| 26:36 | SkilzDatKilz845 · first_market_buy 500 wood |
| 26:56 | Jaereg · first_market_buy 100 stone |
| 27:00 | NC Buss · first_building Siege Workshop |
| 27:04 | alejandrorebolledo · first_building Castle |
| 27:18 | santiagocasabsalado · first_building Monastery |
| 27:37 | santiagocasabsalado · first_building Siege Workshop |
| 27:48 | WendreyT9913 · first_building Monastery |
| 28:02 | ErvilhaDaBoa 0.o ! · first_building Monastery |
| 30:05 | SkilzDatKilz845 · first_building Castle |
| 30:10 | santiagocasabsalado · first_building Castle |
| 30:57 | alejandrorebolledo · first_building Siege Workshop |
| 31:05 | ErvilhaDaBoa 0.o ! · first_building Castle |
| 32:55 | NC Buss · first_building Castle |
| 34:09 | Jaereg · tribute_sent a jugador 1 |
| 34:09 | Jaereg · tribute_sent a jugador 2 |
| 34:09 | Jaereg · tribute_sent a jugador 3 |
| 34:09 | Jaereg · tribute_sent a jugador 4 |
| 34:09 | Jaereg · tribute_sent a jugador 5 |
| 34:09 | Jaereg · tribute_sent a jugador 7 |
| 34:09 | Jaereg · tribute_sent a jugador 8 |
| 34:19 | Jaereg · tribute_sent a jugador 1 |
| 34:19 | Jaereg · tribute_sent a jugador 2 |
| 34:19 | Jaereg · tribute_sent a jugador 3 |
| 34:19 | Jaereg · tribute_sent a jugador 4 |
| 34:19 | Jaereg · tribute_sent a jugador 5 |
| 34:19 | Jaereg · tribute_sent a jugador 7 |
| 34:19 | Jaereg · tribute_sent a jugador 8 |
| 35:06 | Jaereg · wall_segment Stone Wall x14 |
| 35:21 | WendreyT9913 · first_building Castle |
| 35:28 | Jaereg · wall_segment Stone Wall x8 |
| 35:45 | Jaereg · wall_segment Stone Wall x8 |
| 35:58 | Jaereg · wall_segment Stone Wall x1 |
| 36:55 | Jaereg · wall_segment Stone Wall x5 |
| 36:56 | ErvilhaDaBoa 0.o ! · first_building Siege Workshop |
| 37:28 | Jaereg · wall_segment Stone Wall x9 |
| 38:02 | santiagocasabsalado · first_building Barracks |
| 38:32 | Jaereg · first_building Siege Workshop |
| 40:21 | Jaereg · first_building Barracks |
| 41:02 | santiagocasabsalado · first_building Stable |
| 41:50 | Jaereg · wall_segment Stone Wall x3 |
| 42:53 | SkilzDatKilz845 · first_market_sell 500 food |
| 44:59 | Jaereg · first_building Castle |
| 45:25 | alejandrorebolledo · wall_segment Stone Wall x2 |
| 46:32 | alejandrorebolledo · wall_segment Stone Wall x17 |
| 48:08 | ErvilhaDaBoa 0.o ! · first_building Stable |
| 49:41 | WendreyT9913 · wall_segment Stone Wall x3 |
| 49:44 | SkilzDatKilz845 · first_building Monastery |
| 49:56 | alejandrorebolledo · wall_segment Stone Wall x7 |
| 50:01 | WendreyT9913 · wall_segment Stone Wall x3 |
| 50:51 | WendreyT9913 · first_building Siege Workshop |
| 51:09 | santiagocasabsalado · wall_segment Stone Wall x5 |
| 56:55 | ErvilhaDaBoa 0.o ! · first_building Archery Range |
| 59:38 | Jaereg · tribute_sent a jugador 1 |
| 59:38 | Jaereg · tribute_sent a jugador 2 |
| 59:38 | Jaereg · tribute_sent a jugador 3 |
| 59:38 | Jaereg · tribute_sent a jugador 4 |
| 59:38 | Jaereg · tribute_sent a jugador 5 |
| 59:38 | Jaereg · tribute_sent a jugador 7 |
| 59:38 | Jaereg · tribute_sent a jugador 8 |
| 69:51 | alejandrorebolledo · wall_segment Stone Wall x8 |
| 70:12 | Jaereg · tribute_sent a jugador 1 |
| 70:12 | Jaereg · tribute_sent a jugador 2 |
| 70:12 | Jaereg · tribute_sent a jugador 3 |
| 70:12 | Jaereg · tribute_sent a jugador 4 |
| 70:12 | Jaereg · tribute_sent a jugador 5 |
| 70:12 | Jaereg · tribute_sent a jugador 7 |
| 70:12 | Jaereg · tribute_sent a jugador 8 |
| 73:05 | Jaereg · wall_segment Stone Wall x12 |
| 80:26 | santiagocasabsalado · first_building Archery Range |
| 87:32 | Jaereg · wall_segment Stone Wall x14 |
| 89:38 | Jaereg · wall_segment Stone Wall x13 |
| 91:06 | Jaereg · tribute_sent a jugador 1 |
| 91:06 | Jaereg · tribute_sent a jugador 2 |
| 91:06 | Jaereg · tribute_sent a jugador 3 |
| 91:06 | Jaereg · tribute_sent a jugador 4 |
| 91:06 | Jaereg · tribute_sent a jugador 5 |
| 91:06 | Jaereg · tribute_sent a jugador 7 |
| 91:06 | Jaereg · tribute_sent a jugador 8 |
| 92:37 | Jaereg · wall_segment Stone Wall x17 |
| 92:49 | Jaereg · wall_segment Stone Wall x14 |
| 93:39 | Jaereg · wall_segment Stone Wall x11 |
| 94:39 | Jaereg · wall_segment Stone Wall x20 |
[ AI ANALYSIS · 1 CREDIT ]
What really happened in this match?
Wolo.gg analyzes every decision: build order, eco, micro, common mistakes by bracket. Personalized analysis on WhatsApp or Discord in 30 seconds.
Civ guide
Vietnamese
Map guide
Black Forest
Perfil
Jugador #22021221